Map: Tempio ghiacciato

Players

Space

  • Race: Protoss Protoss
  • League: Master

LaWeedaLoca - Winner!

  • Race: Terran Terran
  • League: Master

VOD

Have the link to the VOD?

Description

Time

  • Played on: April 21, 2016, 4:02 p.m.
  • Length: 14:28
Show
View Real Time Build Order
Export as new Build Order

Space Protoss 

Build Orders: 1 Gate Expand, Oracle Opening 

Get SALT Encoding   

  12  0:01  Probe (Chrono Boost)  
  13  0:11  Probe (Chrono Boost)  
  14  0:17  Pylon  
  14  0:22  Probe (Chrono Boost)  
  16  0:35  Probe (Chrono Boost)  
  16  0:36  Gateway  
  16  0:46  Probe (Chrono Boost)  
  16  0:47  Assimilator  
  17  0:56  Probe (Chrono Boost)  
  18  1:07  Probe (Chrono Boost)  
  19  1:21  Nexus  
  19  1:30  Cybernetics Core  
  19  1:34  Probe (Chrono Boost)  
  19  1:39  Assimilator  
  20  1:45  Probe (Chrono Boost)  
  21  1:49  Pylon  
  21  1:55  Probe (Chrono Boost)  
  22  2:06  Probe (Chrono Boost)  
  22  2:07  Warp Gate  
  23  2:09  Adept (Chrono Boost)  
  25  2:18  Mothership Core (Chrono Boost)  
  27  2:38  Probe (Chrono Boost)  
  27  2:39  Probe (Chrono Boost)  
  29  2:48  Stargate  
  29  2:51  Probe (Chrono Boost)  
  29  2:52  Probe (Chrono Boost)  
  31  3:02  Probe (Chrono Boost)  
  31  3:03  Probe (Chrono Boost)  
  32  3:06  Adept  
  35  3:12  Probe (Chrono Boost)  
  35  3:13  Probe (Chrono Boost)  
  36  3:23  Probe x2 (Chrono Boost), Pylon  
  38  3:31  Oracle (Chrono Boost)  
  38  3:32  Probe  
  38  3:33  Probe  
  42  3:41  Adept  
  45  3:43  Probe  
  46  3:49  Probe  
  46  3:55  Probe  
  47  4:08  Probe  
  47  4:09  Nexus, Probe  
  49  4:10  Pylon  
  49  4:19  Probe (Chrono Boost)  
  49  4:21  Probe (Chrono Boost)  
  51  4:26  Robotics Facility  
  51  4:29  Twilight Council  
  51  4:30  Probe (Chrono Boost)  
  49  4:32  Probe (Chrono Boost)  
  49  4:35  Assimilator  
  50  4:38  Assimilator  
  50  4:40  Gateway x2  
  50  4:41  Probe (Chrono Boost)  
  50  4:44  Probe (Chrono Boost)  
  52  4:51  Sentry, Probe (Chrono Boost)  
  55  4:56  Pylon  
  55  4:58  Probe (Chrono Boost)  
  56  5:02  Probe (Chrono Boost)  
  57  5:08  Probe (Chrono Boost)  
  57  5:11  Observer (Chrono Boost)  
  57  5:12  Probe (Chrono Boost)  
  60  5:15  Blink (Chrono Boost)  
  60  5:19  Probe  
  61  5:21  Forge  
  61  5:22  Sentry  
  61  5:24  Probe x2  
  61  5:26  Pylon  
  65  5:30  Pylon  
  65  5:31  Probe  
  65  5:35  Probe  
  66  5:36  Probe, Observer, Stalker x2  
  73  5:44  Probe  
  73  5:45  Probe, Pylon  
  73  5:48  Probe  
  76  5:50  Stalker  
  76  5:55  Protoss Ground Weapons Level 1 (Chrono Boost), Pylon, Observer  
  76  5:56  Probe x2  
  81  6:05  Pylon  
  81  6:06  Adept x2  
  81  6:08  Probe  
  81  6:09  Probe x2  
  87  6:18  Mothership Core  
  81  6:21  Probe x2  
  81  6:32  Pylon  
  81  6:33  Probe  
  81  6:34  Probe, Pylon  
  81  6:36  Pylon, Stalker x2  
  81  6:37  Probe  
  88  6:46  Immortal  
  87  6:47  Probe  
  87  6:48  Probe  
  93  6:55  Gateway  
  93  6:58  Assimilator, Gateway  
  93  7:00  Assimilator, Sentry  
  95  7:01  Adept x2  
  99  7:11  Resonating Glaives (Chrono Boost)  
  99  7:16  Gateway  
  99  7:18  Gateway  
  99  7:19  Gateway  
  99  7:22  Immortal  
  99  7:29  Adept x3  
  108  8:01  Nexus  
  108  8:02  Probe  
  109  8:13  Pylon x2  
  109  8:14  Protoss Ground Armor Level 1 (Chrono Boost), Pylon  
  109  8:15  Pylon  
  109  8:16  Pylon  
  109  8:20  Nexus  
  109  8:23  Pylon  
  109  8:26  Pylon  
  109  8:27  Immortal  
  109  8:33  Templar Archives  
  113  8:36  Pylon  
  113  8:39  Stalker x3  
  119  8:49  Stalker x3  
  123  9:03  Gateway  
  123  9:04  Immortal  
  123  9:06  Gateway  
  127  9:11  High Templar x2  
  127  9:13  High Templar  
  127  9:15  High Templar  
  127  9:16  High Templar  
  137  9:18  High Templar  
  139  9:29  Stalker x2  
  131  9:39  Mothership Core  
  125  9:48  Adept  
  125  9:49  Adept x4  
  125  9:50  Adept  
  135  10:00  Pylon  
  135  10:02  Pylon  
  135  10:04  High Templar x2  
  139  10:07  Adept x2  
  143  10:18  Psionic Storm  
  143  10:25  Assimilator  
  143  10:26  Assimilator  
  143  10:28  Photon Cannon  
  143  10:29  Photon Cannon x2, Archon  
  143  10:30  Archon  
  143  10:34  Stalker x3  
  109  10:43  Adept x4  
  103  11:00  Probe x2  
  103  11:01  Probe x2  
  103  11:02  High Templar x3  
  103  11:04  Adept x2  
  117  11:06  Immortal  
  121  11:11  Probe x2  
  121  11:13  Probe  
  121  11:18  Probe  
  125  11:22  Probe x2  
  125  11:25  Probe  
  128  11:28  Protoss Ground Armor Level 2 (Chrono Boost)  
  128  11:30  Probe  
  128  11:32  High Templar x2  
  133  11:33  Adept x2  
  133  11:36  Adept  
  138  11:43  Adept x2, Observer  
  138  11:46  Stalker  
  145  11:54  Stalker x2  
  145  11:55  Stalker  
  145  11:57  Stalker  
  153  12:09  Immortal  
  153  12:14  Probe  
  158  12:15  Forge  
  158  12:17  High Templar x3  
  164  12:23  Stalker x3  
  164  12:27  Probe  
  170  12:44  Stalker x4  
  170  12:45  Photon Cannon  
  170  12:47  Warp Prism  
  170  12:50  Stargate  
  170  12:51  Stargate  
  178  12:57  Stalker  
  182  13:04  Stalker x2  
  185  13:07  Pylon  
  185  13:26  Stalker x3  
  191  13:32  Nexus  
  106  13:58  Adept x2  
  106  13:59  Adept x7  
  85  14:15  Fleet Beacon  
  77  14:23  High Templar x4  
  73  14:24  High Templar x3  
Show
View Real Time Build Order
Export as new Build Order

LaWeedaLoca Terran - Winner!

Build Orders: Reaper Expand, MMM Bio 

Get SALT Encoding   

  12  0:00  SCV  
  13  0:12  SCV  
  14  0:17  Supply Depot  
  14  0:25  SCV  
  15  0:39  SCV  
  15  0:40  Barracks  
  16  0:44  Refinery  
  16  0:51  SCV  
  17  1:03  SCV  
  18  1:15  SCV  
  19  1:27  Orbital Command  
  19  1:28  Reaper  
  20  1:41  Command Center  
  20  1:49  Supply Depot  
  20  1:52  SCV  
  21  2:00  Barracks Reactor  
  21  2:05  SCV  
  22  2:08  Barracks  
  22  2:17  SCV  
  23  2:28  Factory  
  23  2:29  SCV  
  24  2:38  Marine x2  
  24  2:41  SCV  
  24  2:43  Refinery  
  27  2:53  SCV  
  27  2:57  Orbital Command  
  28  3:01  Bunker  
  28  3:03  Bunker  
  28  3:04  Marine x2  
  30  3:06  Barracks Tech Lab  
  30  3:07  SCV  
  31  3:14  Widow Mine  
  31  3:19  SCV  
  34  3:22  SCV  
  34  3:25  Marine x2  
  37  3:28  Marine  
  37  3:31  SCV  
  37  3:34  Stimpack  
  39  3:37  Supply Depot  
  39  3:39  SCV  
  40  3:44  Engineering Bay  
  40  3:52  Starport  
  40  3:56  SCV  
  40  3:57  SCV  
  40  4:02  Marine x2  
  43  4:04  Factory Reactor  
  43  4:08  Marine, SCV  
  43  4:09  SCV  
  47  4:15  Missile Turret  
  47  4:19  Missile Turret  
  47  4:20  Marine, SCV  
  49  4:25  SCV  
  49  4:27  Supply Depot  
  47  4:35  SCV  
  47  4:37  Terran Infantry Weapons Level 1, Marine  
  49  4:44  Marauder, Marine  
  49  4:45  SCV  
  53  4:49  Medivac  
  53  4:52  Medivac  
  57  4:57  SCV  
  57  4:59  Supply Depot  
  58  5:01  Supply Depot  
  58  5:04  Marine x3  
  58  5:06  SCV  
  63  5:21  SCV  
  63  5:23  Supply Depot  
  63  5:27  Medivac x2  
  67  5:30  Marine x2  
  67  5:32  Marine  
  67  5:33  Command Center, SCV  
  71  5:41  Combat Shields  
  71  5:42  SCV  
  72  5:44  Barracks  
  72  5:47  SCV  
  72  5:48  Refinery x2  
  73  5:54  SCV  
  74  6:02  Marine x3  
  77  6:05  SCV  
  77  6:11  Barracks  
  78  6:12  Barracks  
  73  6:20  Marine x3  
  72  6:26  SCV  
  72  6:27  Medivac  
  72  6:29  Factory Reactor  
  72  6:32  Barracks Tech Lab  
  75  6:34  Terran Infantry Armor Level 1  
  75  6:37  Marine x2, SCV  
  75  6:38  Marauder  
  80  6:41  SCV  
  80  6:44  Supply Depot  
  81  6:47  Orbital Command  
  79  6:54  Marine  
  79  6:55  Marine x2  
  79  7:00  Marauder  
  84  7:03  Liberator x2  
  84  7:04  Orbital Command  
  84  7:10  Barracks Reactor, Barracks Tech Lab  
  84  7:12  Marine  
  84  7:13  Marine  
  86  7:16  Concussive Shells, Marine, Supply Depot  
  86  7:21  Marauder  
  95  7:24  Missile Turret  
  95  7:27  Marine, SCV x2  
  98  7:30  Marine, SCV  
  98  7:31  Marine  
  98  7:33  Marine  
  102  7:39  SCV  
  102  7:40  SCV  
  102  7:42  Marine  
  102  7:43  SCV, Supply Depot  
  106  7:45  Marine  
  106  7:47  Marine  
  106  7:48  Liberator  
  106  7:49  Marine x3  
  111  7:52  Liberator, SCV  
  111  7:55  Marine  
  98  8:00  Marauder  
  98  8:02  SCV x2  
  98  8:04  Marauder, SCV  
  100  8:05  Marine  
  100  8:06  Marine  
  108  8:14  SCV x2  
  108  8:16  SCV  
  108  8:18  Refinery x2  
  111  8:21  Marauder  
  111  8:24  Marauder  
  111  8:25  Marine  
  111  8:26  Marauder, Marine  
  119  8:27  SCV x2  
  119  8:28  SCV  
  122  8:34  Supply Depot  
  122  8:35  Armory  
  122  8:39  SCV x2  
  122  8:40  Engineering Bay  
  124  8:42  Marine, Supply Depot  
  124  8:43  Supply Depot  
  125  8:53  Marine x5  
  125  8:54  Marauder  
  132  8:59  Marine  
  133  9:10  SCV  
  133  9:11  SCV  
  133  9:12  Marauder, Supply Depot  
  133  9:14  Supply Depot x2  
  137  9:17  Command Center  
  137  9:22  Marine x5  
  137  9:23  Marauder  
  144  9:32  Marine  
  135  9:40  Marine x3  
  135  9:41  Marauder  
  135  9:43  Marine, SCV x2  
  135  9:44  Marauder  
  134  9:48  SCV  
  134  9:51  Marauder  
  137  9:55  SCV  
  137  9:57  Marine  
  137  9:58  Marine x2  
  137  9:59  Terran Infantry Weapons Level 2  
  137  10:00  Starport  
  137  10:01  Marine, Barracks  
  137  10:02  Marine  
  137  10:03  Barracks  
  137  10:05  Liberator  
  137  10:06  Marine  
  137  10:12  Bunker, Marauder  
  139  10:16  Terran Infantry Armor Level 2  
  139  10:22  Missile Turret  
  139  10:36  Liberator  
  139  10:38  Marine x4  
  139  10:39  Marauder, Marine x2  
  99  10:53  Starport Tech Lab  
  99  10:55  Marine  
  99  10:56  Marine x3  
  102  10:57  Marauder, Marine  
  102  10:59  Refinery  
  102  11:00  Planetary Fortress, Marine  
  106  11:04  Refinery, Liberator  
  106  11:08  Fusion Core  
  106  11:09  Barracks Tech Lab x2  
  105  11:12  Ghost Academy  
  105  11:13  Terran Ship Weapons Level 1, Marine  
  105  11:14  Marine x3  
  105  11:15  Marauder  
  105  11:16  Liberator  
  105  11:18  Marine x2  
  111  11:22  Liberator  
  116  11:26  Widow Mine x2  
  116  11:29  Marine x2  
  122  11:34  Marine x3  
  122  11:36  Marauder  
  133  11:40  Marauder, Marine x2  
  133  11:44  Personal Cloaking  
  137  11:47  Marine x2, Liberator  
  137  11:52  Marine x2  
  141  11:55  Advanced Ballistics  
  141  11:56  Widow Mine x2  
  141  11:57  Marine x2  
  141  11:58  Marauder, Marine  
  141  11:59  Liberator  
  150  12:01  Marine  
  154  12:10  Marine x3  
  154  12:11  Marauder, Liberator  
  154  12:15  Marine x2  
  159  12:16  Marine  
  159  12:18  Marine  
  159  12:19  Marauder  
  168  12:24  Barracks  
  168  12:25  Barracks  
  168  12:28  Marine x2  
  168  12:29  Marauder  
  175  12:30  Liberator  
  175  12:32  Marine  
  179  13:01  Marine  
  179  13:02  Marauder x2, Marine x4, Ghost  
  192  13:06  Supply Depot  
  192  13:11  Medivac  
  194  13:19  Marine  
  192  13:20  Marine x3, Barracks Tech Lab x2  
  192  13:24  Starport Reactor  
  196  13:27  Ghost  
  196  13:28  Marauder  
  196  13:33  Command Center  
  157  13:56  Marine x3  
  157  13:57  Marauder x4, Marine x3  
  157  13:58  Marauder  
Tags
 
Add a new tag
Caveats
  • Supply blocks, unpowered buildings, or Contaminate may cause inaccurate times.
  • Supply counts are checked every 10 seconds.